 Dungeon Crawl Stone Soup version 0.29-a0-334-gb41bcbb86e (webtiles) character file.

Game seed: 8091638620143881457

1579 avis the Grappler (level 8, 0/70 HPs)
             Began as a Hill Orc Monk on Apr 15, 2022.
             Was a Believer of Beogh.
             Slain by an ice beast (10 damage)
             ... on level 5 of the Dungeon.
             The game lasted 00:37:37 (6658 turns).

avis the Grappler (Hill Orc Monk)                   Turns: 6658, Time: 00:37:38

Health: 0/70       AC: 14    Str: 16    XL:     8   Next: 91%
Magic:  11/11      EV: 12    Int: 10    God:    Beogh [**....]
Gold:   75         SH:  0    Dex: 13    Spells: 6/9 levels left

rFire   + . .      SeeInvis .     - Unarmed
rCold   . . .      Faith    .   (no shield)
rNeg    . . .      Spirit   .   r - +2 robe {rF+}
rPois   .          Reflect  .   j - +0 helmet
rElec   .          Harm     .   d - +0 cloak
rCorr   .          Rampage  .   (no gloves)
Will    .....                   (no boots)
Stlth   ++........              (no amulet)
HPRegen 0.21/turn               m - +4 ring of protection
MPRegen 0.12/turn               y - +4 ring of protection

@: no status effects
A: no striking features
a: Renounce Religion, Smiting


You were on level 5 of the Dungeon.
You worshipped Beogh.
Beogh was pleased with you.
You visited 2 branches of the dungeon, and saw 7 of its levels.
You also visited: Ossuary.

You collected 387 gold pieces.
You spent 312 gold pieces at shops.

Inventory:

Hand Weapons
 b - a +0 hunting sling
 n - a +2 dagger of holy wrath
 A - a +2 hand axe of freezing
 G - a +2 whip of flaming
Missiles
 f - 2 boomerangs (quivered)
 L - 2 boomerangs of dispersal
Armour
 d - a +0 cloak (worn)
 j - a +0 helmet (worn)
 p - a +0 ring mail
 r - a +2 robe of fire resistance (worn)
Jewellery
 m - a +4 ring of protection (left hand)
 v - a ring of protection from fire
 w - a ring of protection from cold
 y - a +4 ring of protection (right hand)
 I - a +4 ring of evasion
Wands
 H - a wand of flame (23)
 J - a wand of acid (6)
Scrolls
 c - 2 scrolls of teleportation {unknown}
 g - a scroll of blinking {unknown}
 h - 2 scrolls of fog {unknown}
 k - 3 scrolls of vulnerability
 l - 2 scrolls of magic mapping
 o - a scroll of amnesia {unknown}
 u - 2 scrolls of enchant armour {unknown}
 x - 4 scrolls of noise {unknown}
 K - a scroll of immolation {unknown}
Potions
 a - a potion of experience {unknown}
 e - 2 potions of brilliance
 i - a potion of mutation {unknown}
 q - 2 potions of flight
 s - a potion of cancellation {unknown}
 t - a potion of magic {unknown}
 z - a potion of might {unknown}
 B - 2 potions of degeneration
 C - 3 potions of curing
 D - a potion of attraction {unknown}
 E - a potion of haste {unknown}
 F - a potion of resistance {unknown}


   Skills:
 - Level 6.0 Fighting
 - Level 2.4 Dodging
 - Level 1.5 Stealth
 + Level 10.5 Unarmed Combat
 - Level 1.0 Spellcasting
 - Level 5.0 Invocations


You had 6 spell levels left.
You knew the following spells:

 Your Spells              Type           Power      Damage    Failure   Level
o - Ozocubu's Armour      Ice            0%         N/A       71%         3

Your spell library contained the following spells:

 Spells                   Type           Power      Damage    Failure   Level
 Ozocubu's Refrigeration  Ice            0%         4d5       100%        7


Dungeon Overview and Level Annotations

Branches:
Dungeon (6/15)             Temple (1/1) D:4         Ossuary (visited)

Altars:
Makhleb
Zin
The Shining One

Shops:
D:4 **?:   D:5 *

Annotations:
D:2 Sigmund
D:3 1 transporter, Antichthon's ghost, amateur NaWr


Message History

Things that are here:
a +0 dagger; a +0 robe
Found 5 gold pieces.
The orc priest shouts!
The orc priest mumbles some strange prayers to Beogh against you.
Beogh smites you!
You hit the ice beast.
The ice beast is lightly wounded.
The ice beast hits you. The ice beast freezes you!
You closely miss the ice beast.
The ice beast is lightly wounded.
The orc priest mumbles some strange prayers to Beogh against you.
Beogh smites you! The ice beast attacks as you move away!
The ice beast hits you. The ice beast freezes you!
* * * LOW HITPOINT WARNING * * *
Things that are here:
a +0 dagger; a +0 robe The ice beast attacks as you move away!
The ice beast barely misses you. The ice beast attacks as you move away!
The ice beast hits you but does no damage.
There is a stone staircase leading up here.
The ice beast hits you.
* * * LOW HITPOINT WARNING * * *
The ice beast freezes you.
* * * LOW HITPOINT WARNING * * *
You climb upwards.
There is a stone staircase leading down here.
You closely miss the ice beast.
The ice beast is lightly wounded.
The ice beast hits you but does no damage.
You closely miss the ice beast.
The ice beast is lightly wounded.
The ice beast hits you but does no damage.
You punch the ice beast!
The ice beast is heavily wounded.
The ice beast hits you.
* * * LOW HITPOINT WARNING * * *
The ice beast freezes you!
You die...

....................##
......##............#
......##............#
...................##
......##..>#.#...###
.....##......###.#
........##.### #.#
.....#..#..# #[#
.....#..#.######@##
.....#.........#Y.###
.....#......##.##...#
........#.......###.#######
....##..#...######........#
..............####........#
................)#........#
..###[.##...####..........#
...[........# ###........#


You could see an ice beast.

Vanquished Creatures
  Pikel (D:5)
  A water moccasin (D:4)
  Duvessa (D:5)
  An ice beast (D:5)
  An ogre (D:4)
  A necrophage (D:4)
  A scorpion (D:4)
  Dowan (D:5)
  A jelly (D:5)
  2 hounds (D:5)
  2 orc priests (D:5)
  Jessica (D:2)
  4 orc wizards
  9 mummies
  9 adders
  An ufetubus (D:4)
  2 worms
  3 dart slugs
  8 orcs
  6 endoplasms
  4 giant cockroaches
  12 goblins
  11 hobgoblins
  6 kobolds
  6 quokkas
  7 ball pythons
  5 bats
  4 frilled lizards
  3 gnoll zombies (Ossuary)
  2 hobgoblin zombies (Ossuary)
  A kobold zombie (Ossuary)
  2 orc zombies (Ossuary)
  4 rats
123 creatures vanquished.

Vanquished Creatures (others)
  An orc priest (D:5)
  A dart slug (D:5)
  2 orcs (D:5)
4 creatures vanquished.

Grand Total: 127 creatures vanquished

Notes
Turn   | Place    | Note
-------+----------+-------------------------------------------
     0 | D:1      | avis the Hill Orc Monk began the quest for the Orb.
     0 | D:1      | Reached XP level 1. HP: 19/19 MP: 1/1
   347 | D:1      | Reached XP level 2. HP: 22/27 MP: 2/2
   637 | D:1      | Reached skill level 4 in Unarmed Combat
   812 | D:1      | Reached XP level 3. HP: 33/33 MP: 3/3
  1643 | D:2      | Noticed Sigmund
  1674 | D:2      | Found a glowing golden altar of the Shining One.
  1685 | D:2      | Reached XP level 4. HP: 39/41 MP: 4/4
  2082 | D:2      | Noticed Jessica
  2091 | D:2      | Killed Jessica
  2092 | D:2      | Reached skill level 5 in Unarmed Combat
  2500 | D:2      | Reached XP level 5. HP: 47/47 MP: 5/5
  2886 | D:3      | Reached skill level 5 in Fighting
  2897 | D:3      | Found a faded altar of an unknown god.
  3063 | D:3      | Found a transporter.
  3065 | D:3      | Noticed Antichthon's ghost (amateur NaWr)
  3066 | D:3      | Noticed an ogre
  3068 | D:3      | Noticed an ogre
  3126 | D:3      | Identified the +2 whip of Defiance {vorpal, rElec MP-9
                  | Stlth+}
  3355 | D:3      | Found a burning altar of Makhleb.
  3355 | D:3      | Noticed a balrug
  3490 | D:4      | Noticed a water moccasin
  3503 | D:4      | Killed a water moccasin
  3504 | D:4      | Reached skill level 6 in Unarmed Combat
  3504 | D:4      | Reached XP level 6. HP: 23/56 MP: 6/6
  4035 | D:4      | Found a staircase to the Ecumenical Temple.
  4040 | Temple   | Entered the Ecumenical Temple
  4200 | D:4      | Found Rauck's Magic Scroll Emporium.
  4207 | D:4      | Found Xocsutw Foargh's Assorted Antiques.
  4207 | D:4      | Found Cimex's Book Boutique.
  4209 | D:4      | Found Zuor Meu's General Store.
  4355 | D:4      | Reached skill level 7 in Unarmed Combat
  4470 | D:5      | Entered Level 5 of the Dungeon
  4470 | D:5      | Found Wuba Doucos's General Store.
  4518 | D:5      | Became a worshipper of Beogh the Brigand
  4518 | D:5      | Reached * piety under Beogh
  4518 | D:5      | Reached ** piety under Beogh
  4544 | D:5      | Noticed Duvessa
  4551 | D:4      | Reached XP level 7. HP: 57/63 MP: 7/7
  4553 | D:4      | Reached skill level 1 in Invocations
  4661 | D:5      | Noticed Dowan
  4667 | D:5      | Found a sand-covered staircase.
  4676 | Ossuary  | Entered an ossuary
  5223 | D:5      | Reached skill level 8 in Unarmed Combat
  5237 | D:5      | Killed Duvessa
  5238 | D:5      | Reached XP level 8. HP: 35/70 MP: 10/10
  5266 | D:5      | Killed Dowan
  5443 | D:5      | Noticed Pikel
  5487 | D:5      | Killed Pikel
  5488 | D:5      | Reached skill level 10 in Unarmed Combat
  5488 | D:5      | Reached skill level 5 in Invocations
  6214 | D:4      | Bought Ozocubu's Autobiography for 312 gold pieces
  6218 | D:4      | Learned a level 3 spell: Ozocubu's Armour
  6643 | D:6      | Reached skill level 1 in Spellcasting
  6658 | D:5      | Slain by an ice beast

Illustrated notes

Levels and vault maps discovered:
D:1:      wander_arrival_abandoned_jail, layout_basic, minmay_tetromino_t2
D:2:      layout_loops_ring, basic_altar, uniq_sigmund, uniq_jessica
D:3:      layout_loops_cross, makhleb_altar_promises_db, gammafunk_ghost_smash,
          chequers_ecumenical_altar_island
D:4:      layout_rooms, minmay_temple_entry_nine_rooms, abandoned_shop,
          kennysheep_small_spiral, chequers_mini_garden,
          nicolae_wooded_promenade
D:5:      layout_rooms, serial_shops, nicolae_shop_hallway_stairs,
          gup_ossuary_entry_pyramid, minivault_26, guppyfry_early_lair_pool,
          uniq_pikel, uniq_duvessa
D:6:      minmay_opposing_rooms, layout_rooms, chequers_serial_rivers_small_b,
          chequers_decorated_corner
Temple:   minmay_crystal_spiral_temple

Skill      XL: |  1  2  3  4  5  6  7  8 |
---------------+-------------------------+-----
Fighting       | 4 5 6 |  6.0
Unarmed Combat | 4 5 6 7 8 10 | 10.5
Invocations    | 3 5 |  5.0
Spellcasting   | 1 |  1.0
Dodging        | |  2.4
Stealth        | |  1.5

Action                   |  1- 3 |  4- 6 |  7- 9 || total
-------------------------+-------+-------+-------++-------
Melee: Unarmed           |   110 |   107 |   158 ||   375
       Punch             |     2 |     6 |     7 ||    15
 Fire: Hunting sling     |     5 |    78 |    62 ||   145
Throw: Boomerang         |    58 |       |       ||    58
Invok: Convert to Beogh  |       |     1 |       ||     1
  Use: Scroll            |       |     2 |     5 ||     7
       Potion            |       |       |     3 ||     3
 Stab: Sleeping          |     1 |     1 |     2 ||     4
Armor: Robe              |    26 |    46 |    46 ||   118
       Skin              |       |       |    12 ||    12
Dodge: Dodged            |    67 |    77 |    67 ||   211

Table legend: (Time is in decaauts)
 A = Elapsed time spent in this place.
 B = Non-inter-level travel time spent in this place.
 C = Inter-level travel time spent in this place.
 D = Time resting spent in this place.
 E = Time spent auto-exploring this place.
 F = Levels seen in this place.
 G = Mean time per level.
                   A        B        C        D        E       F      G
               +--------+--------+--------+--------+--------+-----+--------+
         Total |   6692 |   6075 |    617 |   1815 |   2493 |   8 |  836.5 |
       Dungeon |   6137 |   5520 |    617 |   1575 |   2493 |   6 | 1022.8 |
        Temple |      5 |      5 |      0 |      0 |      0 |   1 |    5.0 |
       Ossuary |    548 |    548 |      0 |    240 |      0 |   1 |  548.0 |
               +--------+--------+--------+--------+--------+-----+--------+

Top non-repeatable levels by time:
     D:5: 1431 daAuts
     D:2: 1400 daAuts
     D:1: 1330 daAuts
     D:3: 1168 daAuts
     D:4: 760 daAuts
 Ossuary: 548 daAuts
     D:6: 46 daAuts
  Temple: 5 daAuts
